 Dungeon Crawl Stone Soup version 0.19-a0-993-g3130bb9 (webtiles) character file.

268 AlphabetPasta the Caller (level 6, -5/44 HPs)
             Began as a Human Summoner on July 15, 2016.
             Was an Initiate of Ashenzari.
             Shot with an arrow by a centaur (10 damage)
             ... on level 4 of the Dungeon on July 16, 2016.
             The game lasted 00:24:11 (4561 turns).

AlphabetPasta the Caller (Human Summoner)           Turns: 4561, Time: 00:24:11

Health: -5/44      AC:  5    Str:  8    XL:     6   Next: 46%
Magic:  4/11       EV: 13    Int: 18    God:    Ashenzari [......]
Gold:   79         SH:  0    Dex: 13    Spells: 2 memorised, 7 levels left

rFire  . . .     SeeInvis .     g - +1 club
rCold  . . .     Gourm    .     a - +0 robe
rNeg   . . .     Faith    .     (no shield)
rPois  .         Spirit   .     f - +1 helmet (curse)
rElec  .         Dismiss  .     (no cloak)
rCorr  .         Reflect  .     r - +0 pair of gloves
SustAt .         Harm     .     (no boots)
MR     .....                    (no amulet)
Stlth  ++........               (no ring)
                                (no ring)

@: not resistant to hostile enchantments, unstealthy
A: no striking features
a: Curse Item, Renounce Religion


You were on level 4 of the Dungeon.
You worshipped Ashenzari.
Ashenzari was noncommittal.
You were hungry.

You visited 1 branch of the dungeon, and saw 4 of its levels.

You collected 79 gold pieces.

Inventory:

Hand Weapons
 g - a +1 club (weapon)
Armour
 a - a +0 robe (worn)
 f - a cursed +1 helmet (worn)
 r - a +0 pair of gloves (worn)
Jewellery
 p - an uncursed ring of resist corrosion
 z - an uncursed ring of flight
Wands
 n - a wand of flame (14/48)
Scrolls
 k - a scroll of teleportation
 o - 3 scrolls of fog
 s - 2 scrolls of remove curse
Potions
 e - 2 potions of flight
 i - 2 potions of lignification
 t - 2 potions of might
 v - a potion of resistance {unknown}
Books
 b - a book of Callings

   Spells                             Type                      Level
   a - Summon Small Mammal            Summoning                    1
   b - Call Imp                       Summoning                    2
   c - Call Canine Familiar           Summoning                    3
   d - Summon Guardian Golem          Hexes/Summoning              3
   e - Summon Lightning Spire         Summoning/Air                4
   f - Summon Ice Beast               Ice/Summoning                4
Comestibles
 c - 3 bread rations
 d - a meat ration
 j - 9 chunks of flesh
 l - 3 fruits
 A - a beef jerky


   Skills:
 + Level 1.8 Fighting
 + Level 3.2 Dodging
 - Level 2.0 Stealth
 + Level 3.6 Spellcasting
 * Level 5.4 Summonings


You had 7 spell levels left.
You knew the following spells:

 Your Spells              Type           Power        Failure   Level  Hunger
b - Call Imp              Summ           ###.....     2%          2    ##.....
c - Call Canine Familiar  Summ           ###.....     6%          3    ###....


Dungeon Overview and Level Annotations

Branches:
Dungeon (4/15)
 Temple: D:4-7

Altars:
Ashenzari
Elyvilon
Fedhas
Vehumet
Zin
The Shining One

Annotations:
D:3 Sigmund


Message History

Your hound dies!
Your hound's corpse disappears in a puff of smoke!
Casting: Call Imp
Confirm with . or Enter, or press ? or * to list all spells.
The centaur shoots an arrow.
The arrow barely misses you.
The centaur shoots an arrow.
The arrow closely misses your hound. The arrow closely misses you.
The centaur shoots an arrow.
The arrow hits your hound!
The centaur shoots an arrow.
The arrow misses your hound. The arrow hits you.
* * * LOW HITPOINT WARNING * * *
Your crimson imp blinks!
You feel better.
The centaur shoots an arrow.
The arrow hits your hound!
Your hound dies!
Your hound's corpse disappears in a puff of smoke!
Casting: Call Canine Familiar
Confirm with . or Enter, or press ? or * to list all spells.
The centaur shoots an arrow.
The arrow hits you!
* * * LOW HITPOINT WARNING * * *
The centaur shoots an arrow.
The arrow hits you!
You die...

......................
.......c.....####.....
......................
..............#######.
..............#
#####c...##..)#
#...###...#
#..c#######
#...(§@...#
.......##.##h.#
.......#.5.# ..).
........#...# ..##
......###...# .#
##...# ..... .. ...#
....... . ... ..≈≈≈..
..≈≈≈≈≈..


You could see a centaur, a friendly hound and a friendly crimson imp.

Vanquished Creatures
  An ogre (D:4)
  An orc wizard (D:4)
  Terence (D:3)
  2 adders (D:3)
  A giant gecko (D:3)
  An orc (D:4)
  7 bats
  4 giant cockroaches
  5 goblins
  7 hobgoblins
  4 jackals
  A ball python (D:3)
  5 giant newts
  5 kobolds
  7 rats
52 creatures vanquished.

Vanquished Creatures (collateral kills)
  An ogre (D:4)
  An orc priest (D:3)
  An orc wizard (D:4)
  Ijyb (D:3)
  An adder (D:2)
  2 worms
  3 dart slugs
  5 orcs
  A giant cockroach (D:2)
  2 goblins
  3 hobgoblins
  5 jackals
  4 bats
  2 kobolds (D:1)
  2 rats (D:1)
34 creatures vanquished.

Grand Total: 86 creatures vanquished

Notes
Turn   | Place    | Note
-------+----------+-------------------------------------------
     0 | D:1      | AlphabetPasta the Human Summoner began the quest for the Orb.
     0 | D:1      | Reached XP level 1. HP: 13/13 MP: 3/3
   519 | D:1      | Reached XP level 2. HP: 4/19 MP: 3/5
   527 | D:1      | Learned a level 2 spell: Call Imp
  1669 | D:2      | Reached XP level 3. HP: 20/24 MP: 3/6
  1686 | D:2      | Found a shattered altar of Ashenzari.
  1711 | D:2      | Became a worshipper of Ashenzari the Shackled
  1720 | D:2      | Learned a level 3 spell: Call Canine Familiar
  2189 | D:2      | Found a radiant altar of Vehumet.
  2424 | D:2      | Reached XP level 4. HP: 26/30 MP: 8/8
  2453 | D:2      | Found a glowing silver altar of Zin.
  2454 | D:2      | Found a white marble altar of Elyvilon.
  2456 | D:2      | Found a glowing golden altar of the Shining One.
  2650 | D:3      | Noticed Sigmund
  3092 | D:3      | Noticed Ijyb
  3511 | D:3      | Noticed Terence
  3556 | D:3      | Killed Terence
  3556 | D:3      | Killed Ijyb
  3556 | D:3      | Reached XP level 5. HP: 18/36 MP: 5/9
  3755 | D:3      | Reached skill level 1 in Fighting
  4397 | D:4      | Noticed an ogre
  4404 | D:4      | Killed an ogre
  4404 | D:4      | Reached skill level 5 in Summonings
  4416 | D:4      | Found a blossoming altar of Fedhas.
  4416 | D:4      | Noticed a centaur
  4435 | D:4      | Reached XP level 6. HP: 41/43 MP: 3/11
  4532 | D:4      | Noticed an ogre
  4549 | D:4      | Killed an ogre
  4561 | D:4      | Shot with an arrow by a centaur

Vault maps used:
D:1:      dpeg_arrival_signposts, serial_forest, infiniplex_forest_straight_4,
          infiniplex_forest_clump_large, infiniplex_forest_end_3,
          infiniplex_forest_zigzag_1, infiniplex_forest_clump_curved
D:2:      good_gods_temple_1, ashenzari_conservatory_becter, vehumet_crystals
D:3:      st_stairs_6, uniq_sigmund, uniq_terence, uniq_iyjb
D:4:      tgw_sif, fedhas_bush_and_centaur_altar, dancing_weapons_uskayaw,
          first_bread

Skill      XL: |  1  2  3  4  5 |
---------------+----------------+-----
Spellcasting   | 3 |  3.6
Fighting       | 1 |  1.8
Dodging        | 3 |  3.2
Summonings     | 5 |  5.4
Stealth        | |  2.0

Action                   |  1- 3 |  4- 6 || total
-------------------------+-------+-------++-------
Melee: Club              |   146 |   201 ||   347
       Unarmed           |     7 |       ||     7
 Cast: Summon Small Mamm |    15 |       ||    15
       Call Imp          |     4 |     7 ||    11
       Call Canine Famil |     4 |    19 ||    23
Evoke: Wand              |       |     6 ||     6
  Use: Potion            |     1 |     5 ||     6
       Scroll            |       |    11 ||    11
 Stab: Sleeping          |     4 |     3 ||     7
       Distracted        |     1 |       ||     1
  Eat: Chunk             |     6 |     5 ||    11
       Royal jelly       |       |     1 ||     1
       Beef jerky        |       |     1 ||     1
Armor: Robe              |    56 |    79 ||   135
Dodge: Dodged            |   142 |   202 ||   344
